 Dungeon Crawl Stone Soup version 0.24-a0-22-g2a401c0 (console) character file.

Game seed: 10622688535133744000

42 Duffy the Chopper (level 3, -12/32 HPs)
             Began as a Naga Gladiator on Feb 1, 2019.
             Mangled by Crazy Yiuf
             ... wielding a +4 quarterstaff of chaos
              (24 damage)
             ... on level 2 of the Dungeon.
             The game lasted 00:01:13 (1517 turns).

Duffy the Chopper (Naga Gladiator)                  Turns: 1517, Time: 00:01:14

Health: -12/32     AC:  8    Str: 17    XL:     3   Next: 56%
Magic:  3/3        EV:  5    Int:  8    God:
Gold:   82         SH:  0    Dex: 12    Spells: 2/2 levels left

rFire    . . .     SeeInvis +   a - +0 war axe
rCold    . . .     Gourm    .   (no shield)
rNeg     . . .     Faith    .   j - +0 chain mail
rPois    +         Spirit   .   c - +0 helmet
rElec    .         Reflect  .   (no cloak)
rCorr    .         Harm     .   i - +1 pair of gloves
MR       .....                  (no barding)
Stlth    ..........             (no amulet)
HPRegen  0.10/turn              (no ring)
MPRegen  0.08/turn              (no ring)

@: short of breath, very slow
A: large, see invisible, deformed body, poison resistance, slowness 2, slow
metabolism 1, spit poison 1, AC +1
a: Spit Poison


You were on level 2 of the Dungeon.
You were not hungry.

You visited 1 branch of the dungeon, and saw 2 of its levels.

You collected 82 gold pieces.

Inventory:

Hand Weapons
 a - a +0 war axe (weapon)
Missiles
 d - 3 throwing nets (quivered)
Armour
 c - a +0 helmet (worn)
 i - a +1 pair of gloves (worn)
 j - a +0 chain mail (worn)
Scrolls
 e - 2 scrolls of teleportation {unknown}
 l - 2 scrolls of fear {unknown}
 m - a scroll of enchant weapon {unknown}
Potions
 b - a potion of haste {unknown}
 g - a potion of agility {unknown}
 h - 2 potions of flight {unknown}
 k - a potion of berserk rage {unknown}
 n - a potion of cancellation {unknown}
 o - a potion of degeneration {unknown}
Comestibles
 f - 4 rations
 p - 5 chunks of flesh


   Skills:
 - Level 2.0 Fighting
 * Level 4.3 Axes
 - Level 1.7 Throwing
 + Level 0.3 Armour
 - Level 2.4 Dodging


You had 2 spell levels left.
You didn't know any spells.
Your spell library was empty.

Dungeon Overview and Level Annotations

Branches:
Dungeon (2/15)

Altars:
Hepliaklqana

Annotations:
D:2 Crazy Yiuf


Innate Abilities, Weirdness & Mutations

You cannot wear boots.
Your serpentine skin is tough. (AC +1)
You have supernaturally acute eyesight. (SInv)
Armour fits poorly on your strangely shaped body.
Your system is resistant to poisons. (rPois)
You cover ground very slowly.
You have a slow metabolism.
You can spit poison.


Message History

Found a runed mace.
You see here a runed mace.
You open the door.
Crazy Yiuf cries, "Buddy!"
Press: ? - help, Shift-Dir - straight line, f - Crazy Yiuf
Aim: Crazy Yiuf, wielding a +4 quarterstaff of chaos and wearing a +0 cloak The splash of poison misses Crazy Yiuf.
You feel slightly more hungry.
Crazy Yiuf yells, "Gum ragdoll noodlescoop!"
Crazy Yiuf hits you with a +4 quarterstaff of chaos.
You are electrocuted!
You slash Crazy Yiuf!
Crazy Yiuf is heavily wounded.
Crazy Yiuf cries, "Cards!
Gnoll seventy infinity."
Crazy Yiuf hits you with a +4 quarterstaff of chaos.
You hit Crazy Yiuf.
Crazy Yiuf is severely wounded.
Crazy Yiuf hits you with a +4 quarterstaff of chaos.
Space warps horribly around you!!
Ouch! That really hurt!
You die... #.# #....# ###.### #....# #####.....# 7.PPP7 ...##.....# 7...77 ##%##.....# 77)77 #.##.....### 7.77 ##..........# 77.7 ##......#.### 7.77 ##..#.#.#.# 77@7

#....#.#[..
#g#
##..........#
).)
............#
#...#
...<.......##
#..)#
.......##..#
#####
##.)..###..#
##.........#
.####.###..#


You could see Crazy Yiuf.

Vanquished Creatures
  An ooze (D:1)
  A worm (D:2)
  A dart slug (D:1)
  2 leopard geckos
  5 bats
  3 giant cockroaches (D:1)
  A goblin (D:2)
  3 hobgoblins (D:1)
  4 jackals (D:1)
  6 kobolds
  2 rats
29 creatures vanquished.

Notes
Turn   | Place    | Note
-------+----------+-------------------------------------------
     0 | D:1      | Duffy the Naga Gladiator began the quest for the Orb.
     0 | D:1      | Reached XP level 1. HP: 19/19 MP: 1/1
    83 | D:1      | Reached XP level 2. HP: 19/26 MP: 2/2
   709 | D:1      | Reached skill level 4 in Axes
   817 | D:1      | Reached XP level 3. HP: 32/32 MP: 3/3
  1450 | D:2      | Found a hazy altar of Hepliaklqana.
  1510 | D:2      | Found a runed translucent door.
  1511 | D:2      | Noticed Crazy Yiuf
  1517 | D:2      | Mangled by Crazy Yiuf

Vault maps used:
D:1:      lemuel_arrival_lava_pool, minmay_tiny_reverse_x
D:2:      grunt_temple_overflow_forces_of_nature, lemuel_doored_altar,
          minmay_fractal_squares_5, uniq_crazy_yiuf_cottage

Skill      XL: |  1  2 |
---------------+-------+-----
Axes           | 4 |  4.3
Fighting       | |  2.0
Throwing       | |  1.7
Armour         | |  0.3
Dodging        | |  2.4

Action                   || total
-------------------------++-------
Melee: War axe           ||    80
 Abil: Spit Poison       ||     2
  Eat: Chunk             ||     1
Armor: Leather armour    ||    13
       Chain mail        ||    32
Dodge: Dodged            ||    47

Table legend:
 A = Non-vault XP
 B = Vault XP
 C = Vault XP percentage of total XP
 D = Non-vault monster count
 E = Vault monster count
 F = Vault count percentage of total count
                 A         B        C        D         E       F
            +---------+---------+-------+---------+---------+-------
      Total |      59 |       2 |   3.3 |      27 |       2 |   6.9
            +---------+---------+-------+---------+---------+-------
        D:1 |      46 |       2 |   4.2 |      21 |       2 |   8.7
        D:2 |      13 |       0 |   0.0 |       6 |       0 |   0.0
            +---------+---------+-------+---------+---------+-------
